[Event "Titled Tuesday Blitz May 2 Early 2023"]
[White "Riff, Vincent"]
[Black "Alekseenko, Kirill"]
[WhiteFideId "617776"]
[BlackFideId "4135539"]
[WhiteElo "2369"]
[BlackElo "2683"]
[Result "0-1"]
[Round "05"]
[TimeControl "180+2"]
[Date "2023.05.02"]
[WhiteClock "0:01:05"]
[BlackClock "0:01:11"]

1. e4 e5 2. Nf3 Nc6 3. Bb5 a6 4. Ba4 d6 5. Bxc6+ bxc6 6. d4 f6 7. c4 Ne7 8. Nc3 Ng6 9. Be3 Be7 10. Qd2 Bg4 11. Ng1 O-O 12. f3 Be6 13. b3 f5 14. Nge2 fxe4 15. fxe4 exd4 16. Nxd4 Qd7 17. O-O-O Ne5 18. Nxe6 Qxe6 19. Kb1 Rf7 20. Rhf1 Raf8 21. Rxf7 Rxf7 22. h3 h6 23. Ne2 Qg6 24. Nc3 Bg5 25. Bxg5 hxg5 26. Ka1 g4 27. hxg4 Qxg4 28. Rc1 Qg3 29. c5 Nd3 30. Rd1 Nxc5 31. b4 Ne6 32. Qd3 Qxd3 33. Rxd3 Rf1+ 34. Kb2 Rf2+ 35. Kb3 Rxg2 36. e5 d5 37. a4 Rg4 38. Ne2 a5 39. bxa5 Nc5+ 40. Ka3 Rxa4+ 0-1


[Site "https://www.chess.com"]

[Event "Titled Tuesday Blitz May 2 Early 2023"]
[White "Henriquez Villagra, Cristobal"]
[Black "Nasir, Zehn"]
[WhiteFideId "3409350"]
[BlackFideId "2613239"]
[WhiteElo "2542"]
[BlackElo "1993"]
[Result "1-0"]
[Round "05"]
[TimeControl "180+2"]
[Date "2023.05.02"]
[WhiteClock "0:00:52"]
[BlackClock "0:00:11"]

1. e4 c6 2. d4 d5 3. f3 Qb6 4. Nc3 dxe4 5. fxe4 e5 6. dxe5 Bc5 7. Nf3 Bg4 8. Bd3 Nd7 9. Bf4 Be3 10. Bxe3 Qxe3+ 11. Qe2 Qc5 12. Qf2 Qxf2+ 13. Kxf2 Ne7 14. h3 Bxf3 15. gxf3 Nxe5 16. f4 Nxd3+ 17. cxd3 O-O-O 18. Rad1 f5 19. h4 Rhf8 20. Ke3 Rde8 21. h5 Kc7 22. Rhg1 Rf7 23. Rg5 Ref8 24. e5 g6 25. Rdg1 Kd7 26. Ne2 c5 27. d4 cxd4+ 28. Nxd4 Nd5+ 29. Kf3 gxh5 30. e6+ 1-0


[Site "https://www.chess.com"]

[Event "Titled Tuesday Blitz May 2 Early 2023"]
[White "Kramnik, Vladimir"]
[Black "Munoz, Francisco Javier"]
[WhiteFideId "4101588"]
[BlackFideId "128368"]
[WhiteElo "2712"]
[BlackElo "2383"]
[Result "1-0"]
[Round "05"]
[TimeControl "180+2"]
[Date "2023.05.02"]
[WhiteClock "0:00:58"]
[BlackClock "0:00:07"]

1. e4 e5 2. Nf3 Nc6 3. g3 g6 4. d4 exd4 5. Nxd4 Bg7 6. Nxc6 bxc6 7. Bg2 Ne7 8. O-O O-O 9. Nc3 d6 10. Be3 a5 11. Bd4 Rb8 12. Bxg7 Kxg7 13. b3 c5 14. Re1 Nc6 15. Qd2 Nd4 16. Ne2 Nxe2+ 17. Rxe2 a4 18. Rae1 axb3 19. cxb3 Be6 20. Qc3+ Kg8 21. h3 Qc8 22. Kh2 Qa6 23. f4 Rb4 24. f5 Bc8 25. Qf6 c4 26. Qg5 f6 27. Qd2 Qb6 28. fxg6 hxg6 29. Qh6 Kf7 30. Qh7+ Ke6 31. Qxg6 Rb5 32. Qg7 Rf7 33. Qg8 Bd7 34. e5 Rxe5 35. bxc4 Ke7 36. Bd5 Rf8 37. Qg7+ Ke8 38. h4 Qd4 39. Bf3 Qc3 40. Bh5+ 1-0


[Site "https://www.chess.com"]

[Event "Titled Tuesday Blitz May 2 Early 2023"]
[White "Zhigalko, Sergei"]
[Black "Borgaonkar Akshay"]
[WhiteFideId "13502956"]
[BlackFideId "25639110"]
[WhiteElo "2626"]
[BlackElo "2063"]
[Result "1-0"]
[Round "05"]
[TimeControl "180+2"]
[Date "2023.05.02"]
[WhiteClock "0:00:04"]
[BlackClock "0:00:21"]

1. e4 c6 2. d4 d5 3. e5 Bf5 4. Nf3 e6 5. Be2 h6 6. O-O Ne7 7. Nbd2 g5 8. Nb3 Bg6 9. h4 g4 10. Ne1 Nf5 11. g3 h5 12. Bg5 Be7 13. Bxe7 Qxe7 14. Ng2 Nd7 15. Re1 a6 16. Qd2 c5 17. c3 c4 18. Nc1 b5 19. Bd1 a5 20. Ne2 Nb6 21. Nef4 b4 22. Rc1 Kf8 23. Bc2 Kg7 24. Rf1 Rab8 25. Rce1 Nd7 26. Bxf5 Bxf5 27. f3 bxc3 28. bxc3 Qa3 29. Ne3 Rb2 30. Nxf5+ exf5 31. Qe3 Nf8 32. fxg4 hxg4 33. e6 Ng6 34. exf7 Qxa2 35. Ra1 Qb3 36. Ne6+ Kh7 37. Qg5 Nf4 38. Qxf5+ Kh6 39. Qg5+ Kh7 40. Qg7# 1-0


[Site "https://www.chess.com"]

[Event "Titled Tuesday Blitz May 2 Early 2023"]
[White "Durarbayli, Vasif"]
[Black "Simonian, Hrair"]
[WhiteFideId "13402935"]
[BlackFideId "13302337"]
[WhiteElo "2551"]
[BlackElo "2447"]
[Result "1-0"]
[Round "05"]
[TimeControl "180+2"]
[Date "2023.05.02"]
[WhiteClock "0:00:10"]
[BlackClock "0:00:19"]

1. e4 c5 2. Nf3 e6 3. d4 cxd4 4. Nxd4 Nf6 5. Nc3 Nc6 6. Nxc6 bxc6 7. e5 Nd5 8. Ne4 Qc7 9. f4 Rb8 10. a3 Qb6 11. Bd3 Ba6 12. c4 Ne3 13. Qe2 Nf5 14. b4 c5 15. b5 Bb7 16. O-O Be7 17. a4 a5 18. Bb2 O-O 19. Rad1 Rfd8 20. Bb1 d5 21. exd6 Nxd6 22. Ng5 h6 23. Nxe6 fxe6 24. Qxe6+ Kf8 25. Bxg7+ Kxg7 26. Qg6+ Kf8 27. Qxh6+ Ke8 28. Rfe1 Kd7 29. Bf5+ Ke8 30. Qh8+ Kf7 31. Qh7+ Kf8 32. Qxe7+ Kg8 33. Qe6+ Kf8 34. Qf6+ Kg8 35. Qg6+ Kf8 36. Qh6+ Kf7 37. Be6+ Ke7 38. Qg7+ Ke8 39. Bd7# 1-0


[Site "https://www.chess.com"]

[Event "Titled Tuesday Blitz May 2 Early 2023"]
[White "Quesada Perez, Yuniesky"]
[Black "Djokic, Mihailo"]
[WhiteFideId "3504409"]
[BlackFideId "976440"]
[WhiteElo "2585"]
[BlackElo "2294"]
[Result "1/2-1/2"]
[Round "05"]
[TimeControl "180+2"]
[Date "2023.05.02"]
[WhiteClock "0:00:06"]
[BlackClock "0:00:04"]

1. e4 c5 2. Nf3 d6 3. d4 cxd4 4. Nxd4 Nf6 5. Nc3 g6 6. Be3 Bg7 7. f3 Kf8 8. Qd2 h5 9. O-O-O a6 10. e5 Ne8 11. exd6 Qxd6 12. Bc4 Nd7 13. Qf2 Qc7 14. Qe2 Nd6 15. Bb3 Nf6 16. Rhe1 Nf5 17. Bg5 Bh6 18. Bxh6+ Rxh6 19. Qd2 Rh8 20. Nde2 Kg7 21. Nf4 e6 22. g3 b5 23. Ne4 Nxe4 24. fxe4 Nh6 25. Rf1 Ng4 26. Nd3 Bb7 27. Rf4 Rhf8 28. Rdf1 Rad8 29. Kb1 Ne5 30. Qe3 Nxd3 31. cxd3 Qe5 32. g4 hxg4 33. Rxg4 Qd4 34. Qf4 Qxd3+ 35. Bc2 Qd4 36. Rh4 Kg8 37. Qh6 Qg7 38. Qg5 f6 39. Qg4 f5 40. exf5 exf5 41. Bb3+ Bd5 42. Qg5 Bxb3 43. axb3 Qf6 44. Qh6 Rd7 45. Rg1 Rg7 46. Rd1 Qe6 47. b4 Kf7 48. Rhd4 Kg8 49. h4 f4 50. Rxf4 Rxf4 51. Qxf4 Qf5+ 52. Qxf5 gxf5 53. Rd5 Rf7 54. Kc2 f4 55. Kd2 f3 56. Ke1 Rf4 57. Rd6 Rxh4 58. Rxa6 Rxb4 59. Kf2 Rb3 60. Rf6 Kg7 61. Rxf3 Rxb2+ 62. Ke1 Kg6 63. Kd1 Kg5 64. Kc1 Rb4 65. Kc2 Kg4 66. Rf8 Re4 67. Kb3 b4 68. Rb8 Kf3 69. Rxb4 Rxb4+ 70. Kxb4 1/2-1/2


[Site "https://www.chess.com"]

[Event "Titled Tuesday Blitz May 2 Early 2023"]
[White "Korchmar, Vasiliy"]
[Black "Hayrapetyan, Hovik"]
[WhiteFideId "24131750"]
[BlackFideId "13302639"]
[WhiteElo "2370"]
[BlackElo "2348"]
[Result "0-1"]
[Round "05"]
[TimeControl "180+2"]
[Date "2023.05.02"]
[WhiteClock "0:00:14"]
[BlackClock "0:00:34"]

1. e4 c5 2. Nf3 d6 3. d4 cxd4 4. Nxd4 Nf6 5. Nc3 a6 6. Be2 e5 7. Nb3 Be7 8. O-O O-O 9. Be3 Be6 10. Nd5 Nbd7 11. Qd3 Bxd5 12. exd5 Re8 13. c4 a5 14. Rac1 b6 15. f4 exf4 16. Bxf4 a4 17. Nd4 Ne5 18. Bxe5 dxe5 19. Nc6 Bc5+ 20. Kh1 Qd6 21. Qh3 Rf8 22. Rf5 Rae8 23. Rcf1 Nd7 24. Qg4 g6 25. Bd3 e4 26. Bxe4 Rxe4 27. Qxe4 gxf5 28. Rxf5 Qg6 29. h4 f6 30. d6 Bxd6 31. Qd5+ Kh8 32. Rf3 Qb1+ 0-1


[Site "https://www.chess.com"]

[Event "Titled Tuesday Blitz May 2 Early 2023"]
[White "Djordjevic, Vuk"]
[Black "Filgueira, Hernan"]
[WhiteFideId "902098"]
[BlackFideId "101770"]
[WhiteElo "2452"]
[BlackElo "2363"]
[Result "0-1"]
[Round "05"]
[TimeControl "180+2"]
[Date "2023.05.02"]
[WhiteClock "0:00:01"]
[BlackClock "0:00:29"]

1. d4 d5 2. Nf3 Nf6 3. c4 e6 4. Nc3 c6 5. Bg5 h6 6. Bxf6 Qxf6 7. e3 Nd7 8. Qc2 Qd8 9. Rd1 Be7 10. Bd3 O-O 11. O-O a6 12. e4 dxc4 13. Bxc4 b5 14. Bb3 Bb7 15. a4 Rc8 16. Qe2 Re8 17. axb5 axb5 18. e5 Qb6 19. Ne4 c5 20. dxc5 Nxc5 21. Nxc5 Bxc5 22. Rd3 b4 23. Nd2 Ba6 24. Ne4 Bxd3 25. Qxd3 Red8 26. Qg3 Kf8 27. h3 Bd4 28. Qf4 Rc7 29. Rd1 Rcd7 30. Nd6 Bxb2 31. Bxe6 Bxe5 32. Qf5 g6 33. Qxe5 Rxd6 34. Rxd6 Qxd6 35. Qh8+ Ke7 0-1


[Site "https://www.chess.com"]

[Event "Titled Tuesday Blitz May 2 Early 2023"]
[White "Lenaerts, Lennert"]
[Black "Suyarov, Mukhammadzokhid"]
[WhiteFideId "211435"]
[BlackFideId "14210495"]
[WhiteElo "2334"]
[BlackElo "2361"]
[Result "0-1"]
[Round "05"]
[TimeControl "180+2"]
[Date "2023.05.02"]
[WhiteClock "0:00:00"]
[BlackClock "0:00:00"]

1. d4 e6 2. c4 b6 3. a3 Bb7 4. Nc3 Nf6 5. d5 g6 6. g3 Bg7 7. Bg2 e5 8. Nh3 d6 9. O-O a5 10. f4 exf4 11. gxf4 O-O 12. e4 Ba6 13. e5 Ne8 14. e6 f5 15. Qe2 Qe7 16. Bd2 Nf6 17. b4 Bb7 18. b5 Ne8 19. Rae1 Bf6 20. Ng5 Ng7 21. Kh1 h6 22. Nf3 Kh7 23. Rg1 Rg8 24. Qd3 Ne8 25. Nd1 Bg7 26. Bh3 Bf6 27. Ne3 Ng7 28. Rxg6 Kxg6 29. Rg1+ Kh7 30. Nxf5 Nxf5 31. Qxf5+ Kh8 32. Rxg8+ Kxg8 33. Bg4 Na6 34. bxa6 Bxa6 35. Bh5 Rf8 36. Bf7+ Rxf7 37. exf7+ Qxf7 38. Qe4 Qe7 39. Qg6+ Bg7 40. Bc3 Qf7 41. Qxg7+ Qxg7 42. Bxg7 Kxg7 43. Nd2 Kf6 44. Kg2 Kf5 45. Kf3 a4 46. Nf1 b5 47. Ne3+ Kf6 48. cxb5 Bxb5 49. Ng4+ Kg6 50. Ke4 h5 51. Ne3 h4 52. Ng2 Kh5 53. f5 Kg5 54. Nf4 Kf6 55. Ng6 h3 56. Nf4 Bd7 57. Ne6 c5 58. dxc6 Bxc6+ 59. Kf4 Bd7 60. Nd4 d5 61. Kg4 Ke5 62. Nf3+ Ke4 63. Ng5+ Ke3 64. Nxh3 d4 65. Nf4 Ke4 66. Kg5 Bxf5 67. h4 Bh7 68. h5 d3 69. Nh3 Ke3 70. Kh6 Bf5 0-1


[Site "https://www.chess.com"]

[Event "Titled Tuesday Blitz May 2 Early 2023"]
[White "Malek, Jan"]
[Black "Sethuraman, S.P."]
[WhiteFideId "21864080"]
[BlackFideId "5021596"]
[WhiteElo "2255"]
[BlackElo "2543"]
[Result "0-1"]
[Round "05"]
[TimeControl "180+2"]
[Date "2023.05.02"]
[WhiteClock "0:00:01"]
[BlackClock "0:00:19"]

1. c4 d6 2. d4 e5 3. Nc3 Nf6 4. Nf3 exd4 5. Nxd4 Be7 6. e4 O-O 7. Be2 Re8 8. O-O Bf8 9. f3 c6 10. Bg5 Nbd7 11. Kh1 g6 12. Qc2 Bg7 13. Rad1 Qe7 14. Rfe1 Nc5 15. Bf1 h6 16. Be3 Nh5 17. b4 Ne6 18. Nde2 a5 19. b5 Rd8 20. Qc1 Kh7 21. Bb6 Rd7 22. g4 Nf6 23. Ng3 c5 24. Nd5 Qf8 25. h4 Nd4 26. Rxd4 cxd4 27. Bd3 Nxd5 28. cxd5 Re7 29. Kg2 Bd7 30. Bc7 Rc8 31. b6 Be8 32. Qd2 Rexc7 33. bxc7 Rxc7 34. Rc1 Rc3 35. Ne2 Rxc1 36. Qxc1 Qe7 37. Qc8 Ba4 38. Kg3 Bd1 39. Ng1 Bf6 40. h5 Kg7 41. hxg6 fxg6 42. Nh3 g5 43. Nf2 Ba4 44. Kg2 Be5 45. Nh3 Qf7 46. Qd8 Bd1 47. Ng1 Qf4 0-1


[Site "https://www.chess.com"]

[Event "Titled Tuesday Blitz May 2 Early 2023"]
[White "Piesik, Piotr"]
[Black "Siva Mahadevan"]
[WhiteFideId "1136194"]
[BlackFideId "25043153"]
[WhiteElo "2299"]
[BlackElo "2249"]
[Result "1/2-1/2"]
[Round "05"]
[TimeControl "180+2"]
[Date "2023.05.02"]
[WhiteClock "0:01:12"]
[BlackClock "0:00:12"]

1. Nf3 Nf6 2. g3 g6 3. Bg2 Bg7 4. O-O O-O 5. d4 d6 6. Nbd2 Nc6 7. e4 Bg4 8. c3 e5 9. dxe5 dxe5 10. Qc2 Nd7 11. Nc4 h6 12. Ne3 Be6 13. Rd1 a5 14. Bf1 Qf6 15. Nd2 Nc5 16. Nb3 Nxb3 17. axb3 Ne7 18. Bc4 h5 19. Bxe6 Qxe6 20. Nd5 Nxd5 21. Rxd5 b6 22. Be3 f5 23. Rad1 f4 24. Bc1 h4 25. Qe2 hxg3 26. hxg3 fxg3 27. fxg3 Qh3 28. Qg2 Qg4 29. R5d3 Rf7 30. Rd8+ Rxd8 31. Rxd8+ Rf8 32. Rxf8+ Bxf8 33. Be3 Qd1+ 34. Qf1 Qxb3 35. Qf6 Qd1+ 36. Kf2 Qc2+ 37. Kf3 Qd1+ 38. Kf2 Qc2+ 39. Kf3 Qd1+ 40. Kf2 1/2-1/2


[Site "https://www.chess.com"]

[Event "Titled Tuesday Blitz May 2 Early 2023"]
[White "Maksimovic, Bojan"]
[Black "Mendez Fortes, Eduardo Jesus"]
[WhiteFideId "14408120"]
[BlackFideId "3502376"]
[WhiteElo "2468"]
[BlackElo "2307"]
[Result "1-0"]
[Round "05"]
[TimeControl "180+2"]
[Date "2023.05.02"]
[WhiteClock "0:00:23"]
[BlackClock "0:00:06"]

1. Nf3 d5 2. g3 Nf6 3. Bg2 e6 4. O-O b5 5. d3 Be7 6. Nbd2 O-O 7. e4 c5 8. e5 Nfd7 9. Re1 Nc6 10. c3 Qc7 11. Qe2 Bb7 12. h4 Rfc8 13. Nf1 a5 14. a4 bxa4 15. Rxa4 Nb6 16. Rg4 Kh8 17. h5 d4 18. c4 Nb4 19. N1d2 h6 20. Ne4 Bxe4 21. Qxe4 Bf8 22. Bg5 Na4 23. Re2 Qc6 24. Qf4 Nxd3 25. Qxf7 Qe8 26. Qb7 Qc6 27. Qxc6 Rxc6 28. Nxd4 Rcc8 29. Bxa8 Rxa8 30. Nxe6 hxg5 31. b3 Nb6 32. Nxg5 a4 33. bxa4 Nxa4 34. e6 Be7 35. Nf7+ Kh7 36. Rd2 Nab2 37. Re4 Ra1+ 38. Kh2 Ne1 39. Rxb2 Nf3+ 40. Kg2 Nd4 41. Rb7 Bf6 42. e7 Ra8 43. e8=Q Rxe8 44. Rxe8 1-0


[Site "https://www.chess.com"]

[Event "Titled Tuesday Blitz May 2 Early 2023"]
[White "Acor, Corey"]
[Black "Girya, Olga"]
[WhiteFideId "2024861"]
[BlackFideId "4195752"]
[WhiteElo "2341"]
[BlackElo "2263"]
[Result "1-0"]
[Round "05"]
[TimeControl "180+2"]
[Date "2023.05.02"]
[WhiteClock "0:01:13"]
[BlackClock "0:00:32"]

1. e4 e5 2. Nf3 Nc6 3. Bc4 Bc5 4. c3 Nf6 5. d4 exd4 6. cxd4 Bb4+ 7. Bd2 Bxd2+ 8. Nbxd2 d5 9. exd5 Nxd5 10. O-O O-O 11. Rc1 h6 12. Re1 Bg4 13. h3 Bxf3 14. Nxf3 Qd6 15. Ne5 Nce7 16. Qb3 Rab8 17. Re4 c6 18. Rce1 Nf5 19. Qf3 Nh4 20. Rxh4 1-0


[Site "https://www.chess.com"]

[Event "Titled Tuesday Blitz May 2 Early 2023"]
[White "Jeet, Jain"]
[Black "Xu, Yi"]
[WhiteFideId "5073022"]
[BlackFideId "8605564"]
[WhiteElo "2067"]
[BlackElo "2471"]
[Result "1/2-1/2"]
[Round "05"]
[TimeControl "180+2"]
[Date "2023.05.02"]
[WhiteClock "0:00:11"]
[BlackClock "0:00:06"]

1. Nf3 c5 2. g3 Nc6 3. c4 g6 4. Nc3 Bg7 5. Bg2 e6 6. e3 Nge7 7. O-O d5 8. cxd5 exd5 9. d4 cxd4 10. exd4 O-O 11. h3 Bf5 12. Re1 Qd7 13. Ne5 Nxe5 14. dxe5 Bxh3 15. Nxd5 Nxd5 16. Qxd5 Qxd5 17. Bxd5 Rae8 18. f4 b6 19. Be3 Be6 20. Rad1 Bxd5 21. Rxd5 f6 22. Bd4 fxe5 23. Bxe5 Rf5 24. Rd7 Rf7 25. Rd5 Rfe7 26. Kf2 Bxe5 27. fxe5 Kf7 28. Kf3 Rc8 29. Re2 Ke6 30. Rd6+ Kf5 31. Rf6+ Kg5 32. Rf4 h5 33. b4 Rc3+ 34. Kg2 Re6 35. Rd4 a6 36. Rd6 Kf5 37. Rd8 Rc4 38. Rf8+ Kg5 39. Ra8 Rxb4 40. Rxa6 Kf5 41. Ra8 Re4 42. Rf8+ Kxe5 43. Rxe4+ Kxe4 44. Ra8 Ke3 45. a4 Kd4 46. a5 b5 47. a6 Kc5 48. a7 Kb6 49. Rb8+ Kxa7 50. Rxb5 Rb6 51. Rxb6 Kxb6 52. Kf3 g5 53. Ke4 Kc5 54. Kf5 h4 55. gxh4 gxh4 56. Kg4 h3 57. Kxh3 1/2-1/2


[Site "https://www.chess.com"]

[Event "Titled Tuesday Blitz May 2 Early 2023"]
[White "Popilski, Gil"]
[Black "Goltsev, Dmitry"]
[WhiteFideId "2809060"]
[BlackFideId "24176710"]
[WhiteElo "2537"]
[BlackElo "2336"]
[Result "1-0"]
[Round "05"]
[TimeControl "180+2"]
[Date "2023.05.02"]
[WhiteClock "0:00:29"]
[BlackClock "0:01:19"]

1. e4 e6 2. d4 d5 3. Nc3 c5 4. exd5 exd5 5. Nf3 Nf6 6. Bb5+ Nc6 7. O-O Be7 8. Re1 O-O 9. dxc5 Bxc5 10. Bg5 Be6 11. h3 h6 12. Bh4 Qd6 13. Bxf6 gxf6 14. Kf1 Kg7 15. a3 Bf5 16. Qxd5 Qxd5 17. Nxd5 Bxc2 18. Rac1 Rad8 19. Nf4 Bd6 20. Nh5+ Kg6 21. Rxc2 Kxh5 22. Bd3 Ne5 23. Rxe5+ 1-0


[Site "https://www.chess.com"]

[Event "Titled Tuesday Blitz May 2 Early 2023"]
[White "Dilanyan, Grigor"]
[Black "Gharibyan, Mamikon"]
[WhiteFideId "13303570"]
[BlackFideId "13308300"]
[WhiteElo "2229"]
[BlackElo "2445"]
[Result "1/2-1/2"]
[Round "05"]
[TimeControl "180+2"]
[Date "2023.05.02"]
[WhiteClock "0:00:05"]
[BlackClock "0:00:06"]

1. e4 c5 2. Nf3 Nc6 3. Bb5 g6 4. O-O Bg7 5. Re1 Nf6 6. e5 Nd5 7. Nc3 Nc7 8. Bxc6 dxc6 9. h3 b6 10. d3 h6 11. a4 a5 12. Be3 g5 13. d4 Ne6 14. dxc5 Qxd1 15. Raxd1 bxc5 16. Ne4 c4 17. Nd4 Nxd4 18. Bxd4 O-O 19. Nc5 Bf5 20. Rd2 Rfd8 21. c3 Rd5 22. g4 Bg6 23. e6 f5 24. Red1 Rad8 25. Be3 f4 26. Rxd5 cxd5 27. Bd4 Rb8 28. Rd2 Bxd4 29. cxd4 h5 30. Kg2 Kg7 31. gxh5 Bxh5 32. h4 Kg6 33. hxg5 Kxg5 34. Nd7 Rg8 35. f3 Kf5+ 36. Kf2 Kxe6 37. Nc5+ Kf6 38. Re2 Bf7 39. Re5 e6 40. Nd7+ Ke7 41. Nc5 Rb8 42. Re2 Rb6 43. Rd2 Bg6 44. Re2 Bd3 45. Rd2 Bf5 46. Re2 Rb8 47. Kg2 Kf7 48. Kf2 Rb4 49. Kg2 c3 50. bxc3 Rc4 51. Rb2 Rxc3 52. Rb7+ Kg6 53. Nd7 Rc2+ 54. Kg1 Kg5 55. Ne5 Kh4 56. Rg7 Rd2 57. Nc6 Ra2 58. Ne7 Ra1+ 59. Kf2 Ra2+ 60. Kg1 Kh5 61. Nxf5 exf5 62. Rd7 Kh4 63. Rxd5 Kg3 64. Kf1 Kxf3 65. Ke1 Ke4 66. Re5+ Kxd4 67. Rxf5 Ke3 68. Re5+ Kf3 69. Rxa5 Ra1+ 70. Kd2 Kf2 71. Rf5 f3 72. a5 Ra2+ 73. Kc3 Ke2 74. Kb4 f2 75. Kb5 Rb2+ 76. Kc6 Ra2 77. Kb6 Rb2+ 78. Kc6 f1=Q 79. Rxf1 Kxf1 80. a6 Ra2 81. Kb7 Rxa6 82. Kxa6 1/2-1/2


[Site "https://www.chess.com"]

[Event "Titled Tuesday Blitz May 2 Early 2023"]
[White "Danielyan, Vahe"]
[Black "Remizov, Yaroslav"]
[WhiteFideId "13304828"]
[BlackFideId "34134015"]
[WhiteElo "2423"]
[BlackElo "2412"]
[Result "0-1"]
[Round "05"]
[TimeControl "180+2"]
[Date "2023.05.02"]
[WhiteClock "0:00:01"]
[BlackClock "0:01:00"]

1. d4 Nf6 2. c4 e6 3. Nf3 c5 4. d5 b5 5. Bg5 exd5 6. cxd5 h6 7. Bh4 g5 8. Bg3 Bg7 9. Nc3 b4 10. Nb5 O-O 11. Nc7 Ne4 12. Nxa8 Bxb2 13. Be5 Bxe5 14. Nxe5 Qf6 15. f3 Qxe5 16. fxe4 f5 17. Rc1 fxe4 18. e3 Bb7 19. Bc4 Bxa8 20. Qd2 d6 21. g3 Nd7 22. Rf1 Rf3 23. Rxf3 exf3 24. Kf2 Nf6 25. Qd3 Qb2+ 26. Rc2 Ng4+ 27. Kxf3 Ne5+ 0-1


[Site "https://www.chess.com"]

[Event "Titled Tuesday Blitz May 2 Early 2023"]
[White "Novik, Maxim"]
[Black "Kovalenko, Igor"]
[WhiteFideId "4102924"]
[BlackFideId "14117908"]
[WhiteElo "2287"]
[BlackElo "2574"]
[Result "1-0"]
[Round "05"]
[TimeControl "180+2"]
[Date "2023.05.02"]
[WhiteClock "0:00:08"]
[BlackClock "0:00:45"]

1. d4 Nf6 2. c4 g6 3. Nc3 Bg7 4. e4 d6 5. Be2 Nbd7 6. Nf3 e5 7. O-O O-O 8. Qc2 h6 9. Rd1 Re8 10. h3 a5 11. Be3 exd4 12. Nxd4 Nc5 13. f3 Nh5 14. Ndb5 Bd7 15. Nd5 Bxb5 16. cxb5 b6 17. Rac1 Kh7 18. b3 Nf6 19. Nxf6+ Qxf6 20. Bc4 Qe7 21. Bf2 Be5 22. a3 Ra7 23. Bd5 Rf8 24. g3 g5 25. Kg2 Rg8 26. Rh1 Rg6 27. Qe2 h5 28. h4 gxh4 29. f4 Bxf4 30. Qxh5+ Kg7 31. Rxh4 Qxh4 32. Qxh4 Bxc1 33. Bd4+ f6 34. Qh3 Bf4 35. Qc8 Rxg3+ 36. Kf2 Nd3+ 37. Ke2 Nc1+ 38. Kd1 Rd3+ 39. Kc2 Rd2+ 40. Kxc1 Rxd4+ 41. Kc2 Rd2+ 42. Kc3 Kh6 43. Qb8 c6 44. bxc6 Rg7 45. Qh8+ Kg6 46. Be6 f5 47. Bxf5+ Kf6 48. Qf8+ Rf7 49. Qh8+ Rg7 50. c7 Rd1 51. c8=Q Rc1+ 52. Kd3 Rxc8 53. Qxc8 Be5 54. Qe6+ Kg5 55. Ke3 Kh5 56. Qe8+ Kh4 57. Kf3 Rg3+ 58. Kf2 Rg7 59. Qh8+ Kg5 60. Kf3 Kf6 61. Qh6+ Ke7 62. Qe6+ Kf8 63. Bg6 Rc7 64. Qe8+ Kg7 65. Bf5 Rc3+ 66. Kg4 Rg3+ 67. Kh4 Rxb3 68. Qe7+ Kg8 69. Be6+ 1-0


[Site "https://www.chess.com"]

[Event "Titled Tuesday Blitz May 2 Early 2023"]
[White "Kleiman, Jake"]
[Black "Pakleza, Zbigniew"]
[WhiteFideId "2020041"]
[BlackFideId "1119290"]
[WhiteElo "2399"]
[BlackElo "2410"]
[Result "0-1"]
[Round "05"]
[TimeControl "180+2"]
[Date "2023.05.02"]
[WhiteClock "0:00:21"]
[BlackClock "0:00:44"]

1. e4 d6 2. d4 Nf6 3. Nc3 c6 4. f4 Qb6 5. e5 Nd5 6. Nxd5 cxd5 7. Bd3 Nc6 8. c3 g6 9. Nf3 Bf5 10. Bxf5 gxf5 11. O-O e6 12. Kh1 Be7 13. Qe2 O-O-O 14. Be3 Kb8 15. c4 Qa6 16. b3 dxc4 17. bxc4 d5 18. Rfc1 Na5 19. Rab1 Nxc4 20. Bf2 Rc8 21. Qe1 h6 22. Qe2 Rc6 23. h3 Rhc8 24. Rb3 Na5 25. Qxa6 Rxa6 26. Rxc8+ Kxc8 27. Rc3+ Rc6 28. Rd3 Rc2 29. Bh4 Bxh4 30. Nxh4 Rxa2 31. Rg3 b5 32. Rg7 b4 33. Rxf7 b3 0-1


[Site "https://www.chess.com"]

[Event "Titled Tuesday Blitz May 2 Early 2023"]
[White "Mortazavi, Ali"]
[Black "Sokolovsky, Yahli"]
[WhiteFideId "401323"]
[BlackFideId "2820242"]
[WhiteElo "2339"]
[BlackElo "2316"]
[Result "0-1"]
[Round "05"]
[TimeControl "180+2"]
[Date "2023.05.02"]
[WhiteClock "0:00:03"]
[BlackClock "0:00:06"]

1. Nf3 d5 2. g3 Bg4 3. Bg2 Bxf3 4. Bxf3 c6 5. d4 e6 6. O-O f5 7. c4 Bd6 8. Bf4 Bxf4 9. gxf4 Qh4 10. cxd5 exd5 11. Qb3 Qe7 12. Qa3 Qd7 13. Nd2 Ne7 14. Kh1 O-O 15. Rg1 Na6 16. e3 Nc7 17. Rg3 Ne6 18. Rag1 Kh8 19. Bd1 Rf6 20. Nf3 Ng6 21. Ne5 Nxe5 22. fxe5 Rf7 23. f4 Qe7 24. Qd3 c5 25. Bf3 Rd8 26. dxc5 Qxc5 27. Rh3 d4 28. Bh5 Rff8 29. Bg6 dxe3 30. Rxh7+ Kg8 31. Qb3 Qc6+ 32. Rg2 Rd5 33. h4 Nxf4 34. Bf7+ Rxf7 35. Rc2 Rd1+ 36. Kh2 Qh1+ 37. Kg3 Ne2+ 38. Rxe2 Rg1+ 39. Kf4 Qe4# 0-1


[Site "https://www.chess.com"]

[Event "Titled Tuesday Blitz May 2 Early 2023"]
[White "Vakhlamov, Igor L."]
[Black "Richter, Paul"]
[WhiteFideId "24126748"]
[BlackFideId "2046350"]
[WhiteElo "2400"]
[BlackElo "2171"]
[Result "1-0"]
[Round "05"]
[TimeControl "180+2"]
[Date "2023.05.02"]
[WhiteClock "0:00:20"]
[BlackClock "0:00:02"]

1. e4 c5 2. Nf3 d6 3. Nc3 Nf6 4. d4 cxd4 5. Qxd4 Nc6 6. Bb5 Bd7 7. Bxc6 bxc6 8. e5 dxe5 9. Nxe5 e6 10. Bg5 c5 11. Qd3 Qc7 12. Bxf6 gxf6 13. Nxd7 Qxd7 14. Qe4 Rc8 15. O-O f5 16. Qe5 Rg8 17. Rfe1 Qb7 18. Nd5 Bg7 19. Qxf5 Bxb2 20. Rad1 Bd4 21. g3 Rg6 22. c3 Kf8 23. Qf4 Qxd5 24. cxd4 cxd4 25. Rxd4 Qxa2 26. Rd7 e5 27. Rxe5 Kg8 28. Ree7 Rf8 29. Rxa7 Qd5 30. Rad7 Qb3 31. h4 Qb1+ 32. Kh2 Qb3 33. h5 Rg7 34. Re5 Qa2 35. Rg5 h6 36. Rxg7+ Kxg7 37. Rd6 f6 38. Qg4+ Kh8 39. Qf5 Rf7 40. Rxf6 1-0


[Site "https://www.chess.com"]

[Event "Titled Tuesday Blitz May 2 Early 2023"]
[White "Nagy, Gabor"]
[Black "Alinasab, Mobina"]
[WhiteFideId "737119"]
[BlackFideId "12528897"]
[WhiteElo "2514"]
[BlackElo "2149"]
[Result "1-0"]
[Round "05"]
[TimeControl "180+2"]
[Date "2023.05.02"]
[WhiteClock "0:01:05"]
[BlackClock "0:00:02"]

1. d4 Nf6 2. Nc3 d5 3. Bf4 Bf5 4. e3 e6 5. Nf3 Bb4 6. Bb5+ Nbd7 7. O-O O-O 8. Ne2 h6 9. h3 c6 10. Bd3 Ne4 11. Bh2 Qe7 12. c4 Bd6 13. Bxd6 Qxd6 14. Qc2 Ndf6 15. Ne5 dxc4 16. Nxc4 Qc7 17. Rad1 Nd6 18. Bxf5 Nxf5 19. e4 Ne7 20. Nc3 Rfd8 21. Rd3 Ng6 22. Rfd1 Nf4 23. R3d2 Qe7 24. Kh2 h5 25. g3 Ng6 26. Ne3 h4 27. Rg1 hxg3+ 28. Rxg3 Nh5 29. Rg4 Qf6 30. e5 Qf3 31. Qd1 Qxd1 32. Rxd1 Kh7 33. Ne4 f5 34. exf6 Nxf6 35. Nxf6+ gxf6 36. Rdg1 Rg8 37. Nc4 Rg7 38. Nd6 Rag8 39. f4 f5 40. R4g3 Nxf4 41. Nxb7 Rxg3 42. Rxg3 Rxg3 43. Kxg3 Ne2+ 44. Kf2 Nxd4 45. Nd8 e5 46. Nf7 Kg6 47. Nxe5+ Kf6 48. Nd3 Ne6 49. Ke3 Kg5 50. Ne5 f4+ 51. Ke4 Nc5+ 52. Kf3 Kf5 53. Nxc6 Ne6 54. h4 a6 55. b4 Ng7 56. a4 Nh5 57. b5 axb5 58. axb5 Ke6 59. Kg4 Nf6+ 60. Kxf4 Kd6 61. Kf5 Nh5 62. Kg6 Ng3 63. h5 Kc5 64. h6 Ne2 65. h7 Nf4+ 66. Kf7 1-0


[Site "https://www.chess.com"]

[Event "Titled Tuesday Blitz May 2 Early 2023"]
[White "Klimkowski, Jan"]
[Black "Jaskolka, Tomasz"]
[WhiteFideId "21856222"]
[BlackFideId "1170791"]
[WhiteElo "2331"]
[BlackElo "2155"]
[Result "1-0"]
[Round "05"]
[TimeControl "180+2"]
[Date "2023.05.02"]
[WhiteClock "0:01:20"]
[BlackClock "0:00:59"]

1. e4 c5 2. Nf3 e6 3. d4 cxd4 4. Nxd4 Nc6 5. Nc3 Qc7 6. Be2 a6 7. O-O Nf6 8. Be3 Be7 9. f4 d6 10. Kh1 O-O 11. Qe1 Nxd4 12. Bxd4 b5 13. a3 Bb7 14. Bd3 Bc6 15. Qg3 Qd7 16. Rad1 Rfd8 17. e5 Ne8 18. f5 Bf8 19. fxe6 fxe6 20. Qh3 g6 21. exd6 Qxd6 22. Be3 Qe5 23. Rde1 Qg7 24. Qxe6+ Kh8 25. Qxc6 Nf6 26. Qxf6 1-0


[Site "https://www.chess.com"]